 Dungeon Crawl Stone Soup version 0.29.0-4-gdea44cf6ec (webtiles) character file.

Game seed: 17306954525780405653

658 qw the Grappler (level 7, 0/67 HPs)
             Began as a Troll Cinder Acolyte on Aug 31, 2022.
             Was a High Priest of Ignis.
             Slain by a two-headed ogre
             ... wielding a +0 giant spiked club
              (32 damage)
             ... on level 5 of the Dungeon.
             The game lasted 00:02:01 (3509 turns).

qw the Grappler (Troll Cinder Acolyte)              Turns: 3509, Time: 00:02:02

Health: 0/67       AC: 11    Str: 25    XL:     7   Next: 30%
Magic:  7/7        EV:  9    Int: 10    God:    Ignis [*****.]
Gold:   186        SH:  0    Dex:  5    Spells: 8/8 levels left

rFire   + . .      SeeInvis .     - Unarmed
rCold   . . .      Faith    .   (no shield)
rNeg    . . .      Spirit   .   a - +0 robe
rPois   .          Reflect  .   (helmet restricted)
rElec   .          Harm     .   (no cloak)
rCorr   .          Rampage  .   (gloves unavailable)
Will    .....                   (boots unavailable)
Stlth   +.........              (no amulet)
HPRegen 1.01/turn               (no ring)
MPRegen 0.10/turn               (no ring)

@: fiery-armoured
A: large, unfitting armour, claws 3, regeneration 1, shaggy fur 1, tough skin 1
a: Renounce Religion, Fiery Armour, Foxfire Swarm, Rising Flame


You were on level 5 of the Dungeon.
You worshipped Ignis.
Ignis was extremely pleased with you.
You visited 1 branch of the dungeon, and saw 5 of its levels.
You also visited: Ossuary.

You collected 186 gold pieces.


Innate Abilities, Weirdness & Mutations

You are too large for most types of armour.
You have claws for hands.
Your natural rate of healing is unusually fast.
You are covered in fur. (AC +1)
You have tough skin. (AC +1)


   Skills:
 - Level 3.1 Fighting
 + Level 8.2 Unarmed Combat
 - Level 1.0 Spellcasting
 - Level 2.1 Fire Magic


You had 8 spell levels left.
You didn't know any spells.
Your spell library contained the following spells:

 Spells                   Type           Power      Damage    Failure   Level
 Scorch                   Fire           8%         2d5       22%         2

Inventory:

Armour
 a - a +0 robe (worn)
Wands
 b - a wand of digging (3)
Scrolls
 e - a scroll of identify
 j - a scroll of teleportation
 Y - a scroll of brand weapon
Potions
 c - 3 potions of might
 d - a potion of brilliance {unknown}
 f - 5 potions of curing
 g - a potion of mutation {unknown}
 h - 3 potions of haste
 i - a potion of heal wounds {unknown}
 l - a potion of cancellation

Dungeon Overview and Level Annotations

Branches:
Dungeon (5/15)             Temple (0/1) D:4         Ossuary (visited)

Altars:
Dithmenos
Fedhas
Qazlal
Trog


Message History

3314 ||| PLANNING D:1-11
There is an empty arch of ancient stone here.
You see here a potion of magic.
You see here an adder skeleton.
There is a stone staircase leading up here.
You open the door.
There is an open door here.
You enter the shallow water.
Moving in this stuff is going to be slow.
You open the door.
There is an open door here.
There is a stormy altar of Qazlal here.
There is a stone staircase leading down here.
Done exploring.
Done exploring.
(D) Dungeon (T) Temple
Where to? (* - list waypoints, Enter - D:4 @ (x,y), ? - help)
What level of the Dungeon? (default 1, ? - help)
You enter the shallow water.
Moving in this stuff is going to be slow.
There is a stone staircase leading down here.
You climb downwards.
Found a potion of curing and a tiny steel amulet.
Found an escape hatch in the floor.
Found a stone staircase leading up.
There is a stone staircase leading up here.
Existing waypoints: (1) D:4 (2) D:3 Assign waypoint to what number? (0-9, D - delete waypoint) Waypoint 2 re-assigned from D:3 to D:5.
Found a scale mail.
Found an escape hatch in the ceiling.
A two-headed ogre comes into view.
It is wielding two +0 giant spiked clubs.
You scratch the two-headed ogre but do no damage.
You claw the two-headed ogre!
The two-headed ogre is moderately wounded.
The two-headed ogre hits you with a +0 giant spiked club!!
The two-headed ogre hits you with a +0 giant spiked club.
3509 ||| INVOKING Fiery Armour.
A protective cloak of flame settles atop you.
The two-headed ogre hits you with a +0 giant spiked club!!
You die...

... . ..
..##.##
..."..##
#.....#
.##.....# ##
..<...O.##.#
.......@#..##
#.>.........##
##.......<...#
##....###..##
...... .##
.##.... .#
#...[. ##
...... ...<


You could see a two-headed ogre.

Vanquished Creatures
  A phantom (D:4)
  A scorpion (D:4)
  6 centaur zombies (Ossuary)
  A hound (D:4)
  A gnoll bouda (D:4)
  6 mummies (Ossuary)
  8 adders
  3 gnolls (D:4)
  A worm (D:2)
  3 dart slugs
  6 orcs
  3 endoplasms
  3 giant cockroaches
  7 hobgoblins
  9 jackals
  2 quokkas
  4 ball pythons
  7 bats
  3 frilled lizards
  7 goblins
  A hobgoblin zombie (Ossuary)
  5 kobolds
  13 rats
101 creatures vanquished.

Vanquished Creatures (others)
  A plant (D:5)
1 creature vanquished.

Grand Total: 102 creatures vanquished

Notes
Turn   | Place    | Note
-------+----------+-------------------------------------------
     0 | D:1      | qw the Troll Cinder Acolyte began the quest for the Orb.
     0 | D:1      | Reached XP level 1. HP: 22/22 MP: 1/1
     0 | D:1      | 0 ||| qw: Version: 0.1-a-97-g2dd2ca4
     0 | D:1      | 0 ||| qw: Game counter: 4592
     0 | D:1      | 0 ||| qw: Always use a shield: true
     0 | D:1      | 0 ||| qw: God list: Okawaru
     0 | D:1      | 0 ||| qw: Allow faded altars: false
     0 | D:1      | 0 ||| qw: Do Orc after D:15 true
     0 | D:1      | 0 ||| qw: Do second Lair branch before Depths: true
     0 | D:1      | 0 ||| qw: Lair rune preference: random
     0 | D:1      | 0 ||| qw: Plans: Normal
     0 | D:1      | 0 ||| PLANNING D:1-11
    33 | D:1      | 33 ||| Stepping ~*~*~tactically~*~*~ (stealth).
    39 | D:1      | 39 ||| Stepping ~*~*~tactically~*~*~ (outnumbered).
   144 | D:1      | 144 ||| Stepping ~*~*~tactically~*~*~ (outnumbered).
   145 | D:1      | 145 ||| Stepping ~*~*~tactically~*~*~ (outnumbered).
   146 | D:1      | 146 ||| Stepping ~*~*~tactically~*~*~ (outnumbered).
   147 | D:1      | 147 ||| Stepping ~*~*~tactically~*~*~ (outnumbered).
   149 | D:1      | 149 ||| Stepping ~*~*~tactically~*~*~ (outnumbered).
   160 | D:1      | Reached XP level 2. HP: 28/29 MP: 2/2
   185 | D:1      | 185 ||| Stepping ~*~*~tactically~*~*~ (outnumbered).
   234 | D:1      | Found a faded altar of an unknown god.
   263 | D:1      | 263 ||| Stepping ~*~*~tactically~*~*~ (stealth).
   270 | D:1      | 270 ||| Stepping ~*~*~tactically~*~*~ (outnumbered).
   303 | D:1      | Reached skill level 4 in Unarmed Combat
   322 | D:1      | 322 ||| Stepping ~*~*~tactically~*~*~ (stealth).
   359 | D:1      | 359 ||| Stepping ~*~*~tactically~*~*~ (stealth).
   401 | D:1      | 401 ||| Stepping ~*~*~tactically~*~*~ (stealth).
   402 | D:1      | 402 ||| Stepping ~*~*~tactically~*~*~ (stealth).
   407 | D:1      | Reached XP level 3. HP: 36/36 MP: 3/3
   616 | D:1      | 616 ||| READING 3 scrolls labelled REKLIG ZAOLUOJ.
   617 | D:1      | 617 ||| READING scroll labelled WEC GAASMUSHIFAO.
   618 | D:1      | 618 ||| READING scroll labelled CEIWA JYWUATAQ.
   619 | D:1      | 619 ||| DRINKING 3 golden potions.
   620 | D:1      | 620 ||| READING 2 scrolls of identify.
   620 | D:1      | 620 ||| IDENTIFYING coppery potion
   621 | D:1      | 621 ||| DROPPING potion of attraction.
   638 | D:2      | 638 ||| Stepping ~*~*~tactically~*~*~ (hiding).
   639 | D:2      | 639 ||| Stepping ~*~*~tactically~*~*~ (hiding).
   640 | D:2      | 640 ||| STAIRDANCE
   683 | D:2      | 683 ||| Stepping ~*~*~tactically~*~*~ (stealth).
   710 | D:2      | 710 ||| Stepping ~*~*~tactically~*~*~ (stealth).
   719 | D:2      | 719 ||| Stepping ~*~*~tactically~*~*~ (stealth).
   720 | D:2      | 720 ||| Stepping ~*~*~tactically~*~*~ (stealth).
  1010 | D:2      | Reached XP level 4. HP: 38/44 MP: 4/4
  1036 | D:2      | Reached skill level 5 in Unarmed Combat
  1143 | D:2      | 1143 ||| Stepping ~*~*~tactically~*~*~ (stealth).
  1144 | D:2      | 1144 ||| Stepping ~*~*~tactically~*~*~ (stealth).
  1145 | D:2      | 1145 ||| Stepping ~*~*~tactically~*~*~ (stealth).
  1148 | D:2      | 1148 ||| Stepping ~*~*~tactically~*~*~ (stealth).
  1326 | D:2      | 1326 ||| READING scroll labelled WUUWASTRURIM.
  1327 | D:2      | 1327 ||| DRINKING 3 pink potions.
  1374 | D:3      | 1374 ||| Stepping ~*~*~tactically~*~*~ (outnumbered).
  1415 | D:3      | Found a blossoming altar of Fedhas.
  1696 | D:3      | 1696 ||| Stepping ~*~*~tactically~*~*~ (stealth).
  1698 | D:3      | 1698 ||| Stepping ~*~*~tactically~*~*~ (stealth).
  1966 | D:3      | Found a shadowy altar of Dithmenos.
  2077 | D:3      | Found a bloodstained altar of Trog.
  2291 | D:3      | 2291 ||| READING scroll labelled QIKIK ERAATZ.
  2292 | D:3      | 2292 ||| READING 2 scrolls labelled XYULOBR JEIHE.
  2296 | D:3      | 2296 ||| READING scroll labelled AMEIFI CIDUH.
  2297 | D:3      | 2297 ||| DRINKING 3 emerald potions.
  2298 | D:3      | 2298 ||| READING 2 scrolls of identify.
  2298 | D:3      | 2298 ||| IDENTIFYING sedimented clear potion
  2299 | D:3      | 2299 ||| DROPPING potion of lignification.
  2351 | D:4      | 2351 ||| PLANNING OSSUARY
  2416 | D:4      | Reached skill level 6 in Unarmed Combat
  2416 | D:4      | Reached XP level 5. HP: 50/50 MP: 5/5
  2471 | D:4      | 2471 ||| INVOKING Fiery Armour.
  2477 | D:4      | 2477 ||| Stepping ~*~*~tactically~*~*~ (stealth).
  2479 | D:4      | 2479 ||| Stepping ~*~*~tactically~*~*~ (outnumbered).
  2480 | D:4      | 2480 ||| Stepping ~*~*~tactically~*~*~ (outnumbered).
  2484 | D:4      | 2484 ||| Stepping ~*~*~tactically~*~*~ (outnumbered).
  2533 | D:4      | Found a staircase to the Ecumenical Temple.
  2638 | D:4      | Noticed a phantom
  2647 | D:4      | Killed a phantom
  2648 | D:4      | Reached skill level 7 in Unarmed Combat
  2648 | D:4      | Reached XP level 6. HP: 54/59 MP: 6/6
  2697 | D:4      | Found a stormy altar of Qazlal.
  3042 | D:4      | Found a sand-covered staircase.
  3043 | D:4      | 3043 ||| DRINKING 2 murky golden potions.
  3044 | D:4      | 3044 ||| DROPPING potion of magic.
  3052 | Ossuary  | Entered an ossuary
  3059 | Ossuary  | 3059 ||| Stepping ~*~*~tactically~*~*~ (outnumbered).
  3060 | Ossuary  | 3060 ||| Stepping ~*~*~tactically~*~*~ (outnumbered).
  3062 | Ossuary  | 3062 ||| Stepping ~*~*~tactically~*~*~ (outnumbered).
  3064 | Ossuary  | 3064 ||| Stepping ~*~*~tactically~*~*~ (outnumbered).
  3066 | Ossuary  | 3066 ||| Stepping ~*~*~tactically~*~*~ (outnumbered).
  3067 | Ossuary  | 3067 ||| Stepping ~*~*~tactically~*~*~ (outnumbered).
  3077 | Ossuary  | 3077 ||| INVOKING Fiery Armour.
  3118 | Ossuary  | Reached skill level 8 in Unarmed Combat
  3118 | Ossuary  | Reached XP level 7. HP: 65/66 MP: 7/7
  3124 | Ossuary  | Reached skill level 3 in Fighting
  3143 | Ossuary  | 3143 ||| Stepping ~*~*~tactically~*~*~ (outnumbered).
  3144 | Ossuary  | 3144 ||| Stepping ~*~*~tactically~*~*~ (outnumbered).
  3145 | Ossuary  | 3145 ||| Stepping ~*~*~tactically~*~*~ (outnumbered).
  3146 | Ossuary  | 3146 ||| Stepping ~*~*~tactically~*~*~ (outnumbered).
  3147 | Ossuary  | 3147 ||| Stepping ~*~*~tactically~*~*~ (outnumbered).
  3303 | Ossuary  | 3303 ||| READING scroll labelled KOS VA CIR.
  3304 | Ossuary  | 3304 ||| READING 2 scrolls labelled FEISKO SUZUS.
  3305 | Ossuary  | 3305 ||| DRINKING 2 amethyst potions.
  3314 | D:4      | 3314 ||| PLANNING D:1-11
  3499 | D:5      | Entered Level 5 of the Dungeon
  3501 | D:5      | Noticed a two-headed ogre
  3509 | D:5      | 3509 ||| INVOKING Fiery Armour.
  3509 | D:5      | Slain by a two-headed ogre

Levels and vault maps discovered:
D:1:      sevenhm_arrival_forest_fort_small_3, layout_basic,
          hellmonk_ecumenical_altar_leap_of_faith, minivault_23
D:2:      layout_loops_ring, minmay_rat_gold_closets
D:3:      wander_river, layout_loops_corners, mainiacjoe_overflow_big_doors,
          lemuel_coloured_pillars_altar
D:4:      layout_loops_ring, mainiacjoe_overflow_cross_hatched,
          minmay_temple_entry_grid, serial_rivers,
          chequers_serial_rivers_large_b, chequers_serial_rivers_micro_a,
          chequers_serial_rivers_marsh, chequers_serial_rivers_room_b,
          chequers_serial_rivers_micro_a, chequers_serial_rivers_micro_a,
          chequers_ossuary_entry_cave
D:5:      wad_lake_hut, layout_cave_pools, mainiacjoe_overflow_surrounded_room,
          okawaru_altar_gauntlet_db, kennysheep_generic_room_2, uniq_duvessa

Skill      XL: |  1  2  3  4  5  6  7 |
---------------+----------------------+-----
Unarmed Combat | 4 6 7 8 |  8.2
Fighting       | 3 |  3.1
Spellcasting   | |  1.0
Fire Magic     | |  2.1

Action                   |  1- 3 |  4- 6 |  7- 9 || total
-------------------------+-------+-------+-------++-------
Melee: Unarmed           |   122 |   132 |    12 ||   266
       Punch             |       |     5 |     1 ||     6
Invok: Fiery Armour      |       |     2 |     1 ||     3
  Use: Scroll            |     4 |     5 |     2 ||    11
       Potion            |     1 |     3 |     1 ||     5
Armor: Robe              |    36 |    38 |     7 ||    81
Dodge: Dodged            |    44 |    44 |     4 ||    92

Table legend:
 A = Non-vault XP
 B = Vault XP
 C = Vault XP percentage of total XP
 D = Non-vault monster count
 E = Vault monster count
 F = Vault count percentage of total count
                 A         B        C        D         E       F
            +---------+---------+-------+---------+---------+-------
      Total |     547 |     394 |  41.9 |      81 |      20 |  19.8
            +---------+---------+-------+---------+---------+-------
        D:1 |      45 |       0 |   0.0 |      27 |       0 |   0.0
        D:2 |      70 |       7 |   9.1 |      17 |       7 |  29.2
        D:3 |      69 |       0 |   0.0 |      19 |       0 |   0.0
        D:4 |     363 |       0 |   0.0 |      18 |       0 |   0.0
    Ossuary |       0 |     387 | 100.0 |       0 |      13 | 100.0
            +---------+---------+-------+---------+---------+-------
